 Dungeon Crawl Stone Soup version 0.20.1-1-g8b1a95d (webtiles) character file.

429 t3hbunneh the Cudgeler (level 6, -13/73 HPs)
             Began as a Demonspawn Fighter on Oct 27, 2017.
             Killed from afar by a phantom (30 damage)
             ... with an exploding inner flame
             ... hexed by the player character
             ... on level 4 of the Dungeon.
             The game lasted 00:11:34 (2811 turns).

t3hbunneh the Cudgeler (Demonspawn Fighter)         Turns: 2811, Time: 00:11:34

Health: -13/73     AC: 23    Str: 17 (18) XL:     6   Next: 66%
Magic:  6/6        EV:  2    Int:  7 (9)  God:
Gold:   152        SH:  8    Dex: 12 (13) Spells: 5/5 levels left

rFire    . . .     SeeInvis .   a - +2 flail
rCold    . . .     Gourm    .   c - +0 shield
rNeg     + + +     Faith    .   (armour currently unavailable)
rPois    +         Spirit   .   (helmet currently unavailable)
rElec    .         Reflect  .   (cloak currently unavailable)
rCorr    .         Harm     .   (gloves currently unavailable)
MR       .....     NoTele   +   (boots currently unavailable)
Stlth    +.........             (no amulet)
Regen    0.3/turn               (no ring)
MPRegen  0.1/turn               (no ring)

@: tree-form, very slightly contaminated, invisible
A: no striking features
a: no special abilities


You were on level 4 of the Dungeon.
You were not hungry.
You were a tree.
You visited 1 branch of the dungeon, and saw 5 of its levels.

You collected 152 gold pieces.

Inventory:

Hand Weapons
 a - a +2 flail (weapon)
Armour
 b - a +0 scale mail (melded)
 c - a +0 shield (worn)
 o - a +0 chain mail
Jewellery
 j - an uncursed ring of fire
 s - a +3 ring of evasion {unknown}
 u - a +4 amulet of reflection
Scrolls
 g - 2 scrolls of teleportation
 i - 2 scrolls of remove curse
Potions
 d - a potion of might
 m - a potion of cancellation
Comestibles
 f - 2 bread rations
 r - a royal jelly


   Skills:
 + Level 4.7 Fighting
 + Level 4.9 Maces & Flails
 - Level 2.6 Armour
 + Level 2.2 Dodging
 + Level 0.4 Stealth
 - Level 2.6 Shields


You had 5 spell levels left.
You didn't know any spells.

Dungeon Overview and Level Annotations

Branches:
Dungeon (5/15)
 Temple: D:4-7

Altars:

Shops:
D:4 [


Innate Abilities, Weirdness & Mutations

((You have sharp toenails.))
((You are partially covered in thin metallic scales. (AC +2)))
((You are partially covered in sharp spines.))


Message History

You hit the phantom.
The phantom is severely damaged.
The phantom hits you but does no damage.
You hit the phantom.
The phantom is almost destroyed.
The phantom hits you but does no damage.
You completely miss the phantom.
The phantom is almost destroyed.
The phantom hits you but does no damage.
You hit the phantom but do no damage.
The phantom is almost destroyed.
The phantom hits you but does no damage. x2
You closely miss the phantom.
The phantom is almost destroyed.
The phantom hits you but does no damage.
You strike the helpless phantom from behind!
You sock the phantom!
The phantom explodes!
The fiery explosion engulfs you!
You die...

......#'######.#.#.#.#
..### #>.....#.....#..
###.##############
#...# #.### #.# #.#
#(# #♣# .......§#
########§ .. ... ....
..... ......


There were no monsters in sight!

Vanquished Creatures
  A sky beast (D:5)
  A centaur (D:4)
  A scorpion (D:4)
  A worker ant (D:4)
  4 gnolls (D:2)
  4 adders
  An ooze (D:2)
  2 worms (D:3)
  A dart slug (D:2)
  7 orcs
  2 ball pythons (D:2)
  5 giant cockroaches
  4 goblins
  6 hobgoblins
  19 jackals
  A quokka (D:3)
  9 bats
  8 frilled lizards
  7 kobolds
  7 rats
91 creatures vanquished.

Notes
Turn   | Place    | Note
-------+----------+-------------------------------------------
     0 | D:1      | t3hbunneh the Demonspawn Fighter began the quest for the Orb.
     0 | D:1      | Reached XP level 1. HP: 18/18 MP: 1/1
   214 | D:2      | Found a faded altar of an unknown god.
   373 | D:1      | Gained mutation: You are partially covered in sharp spines. [demonic ancestry]
   373 | D:1      | Reached XP level 2. HP: 23/24 MP: 2/2
   789 | D:2      | Gained mutation: You have sharp toenails. [demonic ancestry]
   789 | D:2      | Reached XP level 3. HP: 22/29 MP: 3/3
   802 | D:2      | Reached skill level 1 in Dodging
   944 | D:2      | Reached XP level 4. HP: 37/37 MP: 4/4
  1960 | D:3      | Gained mutation: You are partially covered in thin metallic scales. (AC +2) [demonic ancestry]
  1960 | D:3      | Reached XP level 5. HP: 42/42 MP: 5/5
  2133 | D:5      | Entered Level 5 of the Dungeon
  2732 | D:4      | Found Files's Armour Boutique.
  2752 | D:5      | Noticed a sky beast
  2758 | D:5      | Killed a sky beast
  2758 | D:5      | Reached XP level 6. HP: 31/49 MP: 6/6
  2811 | D:4      | Killed from afar by a phantom

Skill      XL: |  1  2  3  4  5 |
---------------+----------------+-----
Maces & Flails | 2 3 4 |  4.9
Dodging        | 1 2 |  2.2
Fighting       | 4 |  4.7
Armour         | |  2.6
Stealth        | |  0.4
Shields        | |  2.6

Action                   |  1- 3 |  4- 6 || total
-------------------------+-------+-------++-------
Melee: Flail             |    81 |   163 ||   244
       Kick              |     4 |    31 ||    35
  Use: Scroll            |       |     8 ||     8
       Potion            |       |     5 ||     5
 Stab: Invisible         |       |     2 ||     2
  Eat: Chunk             |       |     6 ||     6
       Royal jelly       |       |     1 ||     1
Armor: Scale mail        |    30 |    51 ||    81
       Skin              |       |     9 ||     9
Dodge: Dodged            |    27 |    37 ||    64
Block: Shield            |    43 |    99 ||   142
